 Dungeon Crawl Stone Soup version 0.25.1-2-g60ff931 (webtiles) character file.

Game seed: 13565661215859708047

706 Arctor the Conjurer (level 7, -11/47 HPs)
             Began as a Gargoyle Wizard on Sept 9, 2020.
             Engulfed by a cloud of flame (21 damage)
             ... on level 4 of the Dungeon.
             The game lasted 00:13:12 (5535 turns).

Arctor the Conjurer (Gargoyle Wizard)               Turns: 5535, Time: 00:13:13

Health: -11/47     AC:  8    Str:  7 (10) XL:     7   Next: 67%
Magic:  10/17      EV: 14    Int: 18 (21) God:
Gold:   195        SH:  0    Dex: 13 (14) Spells: 8/19 levels left

rFire    . . .     SeeInvis .   o - +3 quarterstaff (chaos)
rCold    . . .     Gourm    .   (shield currently unavailable)
rNeg     + . .     Faith    .   a - +1 robe
rPois    ∞         Spirit   .   b - +0 hat
rElec    +         Reflect  .   (no cloak)
rCorr    .         Harm     .   (no gloves)
MR       .....                  (no boots)
Stlth    ++........             (no amulet)
HPRegen  0.15/turn              h - +6 ring of dexterity
MPRegen  0.15/turn              (no ring)

@: berserk cooldown, stab
A: negative energy resistance 1, electricity resistance, unbreathing,
petrification resistance, rot immunity, AC +4
a: no special abilities


You were on level 4 of the Dungeon.
You were hungry.

You visited 1 branch of the dungeon, and saw 4 of its levels.

You collected 195 gold pieces.

Inventory:

Hand Weapons
 f - a +0 mace
 g - a +0 whip
 o - a +3 quarterstaff of chaos (weapon)
 y - a +0 halberd
Armour
 a - a +1 robe (worn)
 b - a +0 hat (worn)
Jewellery
 h - a +6 ring of dexterity (left hand)
Wands
 r - a wand of random effects (19)
Scrolls
 e - a scroll of teleportation
 j - 2 scrolls of enchant armour
 k - a scroll of remove curse
Potions
 l - a potion of brilliance
Comestibles
 d - 8 rations


   Skills:
 + Level 6.9 Fighting
 + Level 5.0 Armour
 + Level 4.2 Dodging
 - Level 2.1 Stealth
 * Level 6.7 Spellcasting
 + Level 7.6 Conjurations
 - Level 0.8 Summonings
 - Level 0.8 Translocations
 + Level 4.3 Fire Magic


You had 8 spell levels left.
You knew the following spells:

 Your Spells              Type           Power        Failure   Level  Hunger
a - Magic Dart            Conj           ####         1%          1    None
b - Conjure Flame         Conj/Fire      ####....     2%          3    ##.....
c - Mephitic Cloud        Conj/Pois/Air  ###.....     12%         3    ##.....
d - Blink                 Tloc           N/A          12%         2    None
e - Call Imp              Summ           #.......     12%         2    None

Your spell library contained the following spells:

 Spells                   Type           Power        Failure   Level  Hunger
 Slow                     Hex            #.......     17%         2    None


Dungeon Overview and Level Annotations

Branches:
Dungeon (4/15)
 Temple: D:4-7

Altars:
Cheibriados
Sif Muna
Trog
The Shining One

Annotations:
D:4 Edmund


Innate Abilities, Weirdness & Mutations

You are resistant to torment.
Your stone body is resilient. (AC +4)
You are immune to poison.
You resist negative energy. (rN+)
You are resistant to electric shocks. (rElec)
You can survive without breathing.
You are immune to petrification.
You are immune to rotting.


Message History

As you read the scroll labeled ALEUNI POMIKK, it crumbles to dust.
It is a scroll of amnesia.
Really abort (and waste the scroll)? [Y]es or [N]o only, please.
Really abort (and waste the scroll)? [Y]es or [N]o only, please.
Really abort (and waste the scroll)?
Uppercase [Y]es or [N]o only, please.
Really abort (and waste the scroll)?
Okay, then.
Edmund barely misses you.
Casting: Magic Dart (safe; 1% risk of failure)
Confirm with . or Enter, or press ? or * to list all spells.
The fire begins to smolder!
Edmund hits you with a +0 flail of protection.
* * * LOW HITPOINT WARNING * * *
Casting: Conjure Flame (dangerous; 2% risk of failure)
Confirm with . or Enter, or press ? or * to list all spells.
The fire ignites!
You are engulfed in blazing flames.
You die...

# #.################
#.)@@............#
#....#############.#
....... #.# #.#.##.
#.# # # .. #.# #.
#.### .. #.... #.
#.### #.#


You could see Edmund (agile, drained).

Vanquished Creatures
  An ogre (D:4)
  Blork the orc (D:4)
  A hound (D:4)
  Crazy Yiuf (D:2)
  A worker ant (D:3)
  Ijyb (D:3)
  Terence (D:2)
  4 adders
  An ooze (D:1)
  5 worms
  A dart slug (D:3)
  A leopard gecko (D:1)
  An orc (D:4)
  7 bats
  4 giant cockroaches
  7 goblins
  10 hobgoblins
  A jackal (D:3)
  7 kobolds
  2 quokkas
  6 frilled lizards
  6 rats
70 creatures vanquished.

Notes
Turn   | Place    | Note
-------+----------+-------------------------------------------
     0 | D:1      | Arctor the Gargoyle Wizard began the quest for the Orb.
     0 | D:1      | Reached XP level 1. HP: 10/10 MP: 4/4
   381 | D:1      | Reached skill level 2 in Conjurations
   619 | D:1      | Reached XP level 2. HP: 14/15 MP: 3/6
  1305 | D:1      | Reached skill level 3 in Conjurations
  1377 | D:1      | Reached XP level 3. HP: 19/19 MP: 3/7
  1434 | D:1      | Learned a level 3 spell: Conjure Flame
  1443 | D:1      | Learned a level 3 spell: Mephitic Cloud
  2231 | D:2      | Found a runed translucent door.
  2232 | D:2      | Noticed Crazy Yiuf
  2320 | D:2      | Found a snail-covered altar of Cheibriados.
  2389 | D:2      | Reached skill level 4 in Conjurations
  2460 | D:2      | Noticed Terence
  2517 | D:2      | Killed Terence
  2517 | D:2      | Reached XP level 4. HP: 21/24 MP: 0/8
  2959 | D:2      | Found a bloodstained altar of Trog.
  3497 | D:2      | Reached skill level 5 in Conjurations
  3702 | D:2      | Killed Crazy Yiuf
  3702 | D:2      | Reached XP level 5. HP: 8/28 MP: 0/9
  4350 | D:3      | Noticed Ijyb
  4374 | D:3      | Killed Ijyb
  4628 | D:3      | Found a glowing golden altar of the Shining One.
  4764 | D:3      | Found a shimmering blue altar of Sif Muna.
  4806 | D:3      | Reached XP level 6. HP: 33/33 MP: 7/10
  4844 | D:3      | Learned a level 2 spell: Call Imp
  4847 | D:3      | Learned a level 2 spell: Blink
  5154 | D:4      | Noticed Blork the orc
  5260 | D:4      | Killed Blork the orc
  5260 | D:4      | Reached skill level 1 in Fighting
  5260 | D:4      | Reached skill level 1 in Armour
  5260 | D:4      | Reached skill level 1 in Fire Magic
  5464 | D:4      | Noticed Edmund
  5495 | D:4      | Reached skill level 7 in Conjurations
  5495 | D:4      | Reached XP level 7. HP: 19/47 MP: 1/17
  5504 | D:4      | Reached skill level 5 in Armour
  5535 | D:4      | Engulfed by a cloud of flame

Illustrated notes

Levels and vault maps discovered:
D:1:      heliophobic_arrival_battle_scene, layout_loops_corners
D:2:      layout_basic, lightli_temple_of_fire, overflow_temple_1_default,
          uniq_terence, uniq_crazy_yiuf_cottage
D:3:      minmay_inner_zag, layout_basic, lemuel_coloured_pillars_altar,
          serial_glass, glass_columns_a, glass_columns_a, lemuel_blue_sif_altar,
          uniq_ijyb
D:4:      layout_basic, nicolae_overflow_hidden_temple, first_ration,
          uniq_edmund, uniq_blork_the_orc

Skill      XL: |  1  2  3  4  5  6  7 |
---------------+----------------------+-----
Conjurations   | 2 3 4 5 7 |  7.6
Fighting       | 6 |  6.9
Armour         | 4 5 |  5.0
Dodging        | 4 |  4.2
Fire Magic     | 4 |  4.3
Spellcasting   | 6 |  6.7
Stealth        | |  2.1
Summonings     | |  0.8
Translocations | |  0.8

Action                   |  1- 3 |  4- 6 |  7- 9 || total
-------------------------+-------+-------+-------++-------
Melee: Unarmed           |    29 |       |       ||    29
       Whip              |    43 |    42 |       ||    85
       Mace              |       |    18 |       ||    18
       Quarterstaff      |       |     2 |    21 ||    23
 Cast: Magic Dart        |    87 |    83 |     1 ||   171
       Mephitic Cloud    |     1 |     2 |       ||     3
       Blink             |       |     3 |       ||     3
       Call Imp          |       |     3 |       ||     3
       Conjure Flame     |       |     2 |     3 ||     5
  Use: Scroll            |     3 |     4 |     4 ||    11
       Potion            |       |     3 |     5 ||     8
 Stab: Confused          |     1 |     1 |       ||     2
  Eat: Chunk             |     5 |     9 |       ||    14
Armor: Robe              |    22 |    28 |     7 ||    57
Dodge: Dodged            |    46 |    50 |    29 ||   125
